 Dungeon Crawl Stone Soup version 0.28-a0-664-gc179e30c89 (webtiles) character file.

Game seed: 16357071014826778280

75943 siradein the Summoner (level 15, -7/111 HPs)
             Began as a Green Draconian Summoner on Oct 15, 2021.
             Was a High Priest of Hepliaklqana.
             Killed by drain life
             ... invoked by a soul eater
             ... summoned by an orc sorcerer
              (14 damage)
             ... on level 2 of the Orcish Mines.
             The game lasted 01:52:21 (26901 turns).

siradein the Summoner (Green Draconian Summoner)   Turns: 26901, Time: 01:52:22

Health: -7/111     AC: 18    Str: 11    XL:     15   Next: 11%
Magic:  12/28      EV: 15    Int: 24    God:    Hepliaklqana [*****.]
Gold:   423        SH: 12    Dex: 12    Spells: 8/32 levels left

rFire   . . .      SeeInvis .   c - +1 trident (vamp)
rCold   . . .      Faith    .   H - +2 buckler
rNeg    . . .      Spirit   .   (armour unavailable)
rPois   +          Reflect  +   N - +2 hood of the Assassin {Detection Stab+ Stlth++}
rElec   .          Harm     .   I - +0 cloak
rCorr   .          Rampage  .   X - +0 pair of gloves
Will    +++..                   S - +0 pair of boots
Stlth   ++++......              t - amulet of reflection
HPRegen 0.28/turn               D - +4 ring of protection
MPRegen 0.21/turn               L - ring of the Mage {Wiz Will++ Int+3}

@: short of breath
A: reduced essence, breathe noxious fumes, AC +9, unfitting armour, stinger 1,
poison resistance, cold-blooded
a: Breathe Noxious Fumes, Renounce Religion, Recall Ancestor, Ancestor Identity,
Transference, Idealise


You were on level 2 of the Orcish Mines.
You worshipped Hepliaklqana.
Hepliaklqana was extremely pleased with you.
You visited 4 branches of the dungeon, and saw 20 of its levels.
You also visited: Bailey and Volcano.

You collected 2003 gold pieces.
You spent 1580 gold pieces at shops.

Inventory:

Hand Weapons
 c - a +1 vampiric trident (weapon)
 M - the +10 trident "Dawoaq" {elec, rF+ Str+4}
   (You found it on level 6 of the Lair of Beasts)

   It occasionally discharges a powerful burst of electricity upon striking a
   foe.
   Str:       It affects your strength (+4).
   rF:        It protects you from fire.
Missiles
 n - 87 poisoned darts
 J - 7 throwing nets
Armour
 H - a +2 buckler (worn)
 I - a +0 cloak (worn)
 N - the +2 hood of the Assassin (worn) {Detection Stab+ Stlth++}
   (You bought it in a shop on level 8 of the Dungeon)

   It allows the wearer to sense nearby creatures.
   It allows the wearer to make particularly effective stabbing attacks against
   helpless or unaware enemies with any weapon.
   Stlth:     It makes you much more stealthy.
 S - a +0 pair of boots (worn)
 X - a +0 pair of gloves (worn)
Magical Staves
 x - a staff of death
 C - a staff of fire
 Y - a staff of air
Jewellery
 b - a ring of protection from cold
 l - a ring of fire
 t - an amulet of reflection (around neck)
 D - a +4 ring of protection (left hand)
 L - the ring of the Mage (right hand) {Wiz Will++ Int+3}
   (You found it on level 10 of the Dungeon)

   [ring of wizardry]

   It improves your spell success rate.
   Int:       It affects your intelligence (+3).
   Will:      It greatly increases your willpower.
Wands
 s - a wand of flame (31)
 G - a wand of digging (8)
 V - a wand of iceblast (26)
 Z - a wand of paralysis (13)
Scrolls
 a - 2 scrolls of brand weapon
 e - 2 scrolls of torment
 i - 2 scrolls of silence {unknown}
 k - 2 scrolls of magic mapping
 o - 5 scrolls of immolation {unknown}
 p - 5 scrolls of noise {unknown}
 q - 5 scrolls of fear
 v - 2 scrolls of summoning {unknown}
 w - 2 scrolls of enchant armour
 y - 8 scrolls of teleportation {unknown}
 A - a scroll of blinking
 B - a scroll of amnesia
 K - a scroll of acquirement
 P - 2 scrolls of vulnerability
Potions
 d - 3 potions of flight
 f - 9 potions of curing
 g - 4 potions of magic
 h - 2 potions of heal wounds
 j - 5 potions of haste
 m - 2 potions of brilliance
 r - 3 potions of invisibility
 u - 3 potions of lignification
 z - 2 potions of mutation {unknown}
 E - 2 potions of might {unknown}
 F - 2 potions of resistance {unknown}
 T - 2 potions of attraction {unknown}
 U - 2 potions of cancellation {unknown}
Miscellaneous
 Q - a phial of floods
 R - a lightning rod (4/4)
 W - a box of beasts


   Skills:
 + Level 9.0 Fighting
 + Level 7.7 Polearms
 + Level 7.9 Dodging
 - Level 1.7 Stealth
 - Level 4.0 Shields
 + Level 9.3 Spellcasting
 + Level 3.2 Conjurations
 + Level 7.6 Hexes
 + Level 10.8 Summonings
 + Level 6.1 Necromancy
 + Level 7.1 Air Magic
 + Level 6.8 Poison Magic
 + Level 10.0 Invocations
 + Level 8.2 Evocations


You had 8 spell levels left.
You knew the following spells:

 Your Spells              Type           Power      Damage    Failure   Level
a - Summon Small Mammal   Summ           100%       N/A       1%          1
b - Call Imp              Summ           58%        N/A       1%          2
c - Call Canine Familiar  Summ           58%        N/A       1%          3
d - Summon Guardian Gole  Hex/Summ       53%        N/A       1%          3
e - Summon Lightning Spi  Summ/Air       53%        N/A       1%          4
f - Olgreb's Toxic Radia  Pois           44%        N/A       1%          4
g - Spellforged Servitor  Conj/Summ      22%        N/A       69%         7

Your spell library contained the following spells:

 Spells                   Type           Power      Damage    Failure   Level
 Magic Dart               Conj           100%       1d8       1%          1
 Sting                    Tmut/Pois      100%       1d8       1%          1
 Poisonous Vapours        Pois/Air       88%        N/A       1%          2
 Mephitic Cloud           Conj/Pois/Air  38%        N/A       1%          3
 Portal Projectile        Hex/Tloc       58%        N/A       1%          3
 Spider Form              Tmut/Pois      13%        N/A       1%          3
 Summon Mana Viper        Hex/Summ       53%        N/A       1%          5
 Beastly Appendage        Tmut           22%        N/A       2%          1
 Sandblast                Erth           22%        2d7       2%          1
 Passwall                 Tmut/Erth      9%         N/A       3%          2
 Wereblood                Tmut           11%        N/A       3%          2
 Stone Arrow              Conj/Erth      36%        3d9       3%          3
 Summon Cactus Giant      Summ           29%        N/A       4%          6
 Excruciating Wounds      Necr           20%        N/A       5%          5
 Gell's Gravitas          Tloc           5%         N/A       7%          3
 Teleport Other           Tloc           11%        N/A       7%          3
 Summon Forest            Summ/Tloc      18%        N/A       7%          5
 Metabolic Englaciation   Hex/Ice        14%        N/A       13%         5
 Petrify                  Tmut/Erth      11%        N/A       22%         4
 Blade Hands              Tmut           5%         N/A       50%         5
 Iron Shot                Conj/Erth      9%         9d3       85%         6
 Dispersal                Tloc           5%         N/A       96%         6
 Statue Form              Tmut/Erth      7%         N/A       96%         6
 Orb of Destruction       Conj           13%        9d6       99%         7
 Animate Armour           Summ/Erth      Unusable   N/A       N/A         4

Dungeon Overview and Level Annotations

Branches:
Dungeon (11/15)            Temple (1/1) D:4            Lair (6/6) D:10
 Shoals (0/4) Lair:4        Snake (0/4) Lair:2        Slime (0/5) Lair:5
    Orc (2/2) D:10            Elf (0/3) Orc:2        Bailey (visited)
Volcano (visited)

Altars:
Ashenzari
Cheibriados
Dithmenos
Elyvilon
Fedhas
Gozag
Hepliaklqana
Kikubaaqudgha
Makhleb
Nemelex Xobeh
Okawaru
Qazlal
Ru
Sif Muna
Trog
Uskayaw
Vehumet
Wu Jian
Xom
Yredelemnul
Zin
The Shining One
Lugonu

Shops:
D:5 !   D:8 [


Innate Abilities, Weirdness & Mutations

Your life essence is reduced to manifest your ancestor. (-10% HP)
You can breathe blasts of noxious fumes.
Your lurid green scales are hard. (AC +9)
You cannot fit into any form of body armour.
Your tail ends in a poisonous barb.
Your system is resistant to poisons. (rPois)
You are cold-blooded and may be slowed by cold attacks.


Message History

The soul eater draws from the surrounding life force!
* * * LOW HITPOINT WARNING * * *
Your dick misses the orc sorcerer.
Your dick closely misses the soul eater.
You block the orc knight's attack.
Unknown command.
Blink to where?
Press: ? - help, Dir - move target 2 orcs, an orc warrior and an orc wizard come into view.
As you read the scroll of blinking, it crumbles to dust.
The orc warrior shouts!
Something barely misses Your dick.
Casting: Summon Lightning Spire (mildly dangerous; 1% risk of failure)
Confirm with . or Enter, or press ? or * to list all spells.
An electric hum fills the air.
The orc wizard shouts! x2; You hear a shout!
An orc sorcerer comes into view. It is wielding a +0 dagger.
The orc warlord roars a battlecry!
The orcs go into a battle-frenzy!
The orc warlord looks more healthy.
The orc warlord roars a battlecry!
The orc sorcerer goes into a battle-frenzy!
You barely miss the orc. You tail-slap the orc.
The orc is severely wounded.
You block the orc's attack.
Your dick hits the orc knight with a +0 broad axe of flaming.
Your dick burns the orc knight.
Your dick hits the soul eater but does no damage.
Unknown command.
You hit the orc.
You kill the orc!
Your lightning spire shoots out a bolt of lightning at the orc wizard!
The bolt of electricity hits the orc wizard!
The orc wizard hits your lightning spire but does no damage.
The orc sorcerer mumbles some strange words.
Send 'em back where they came from!
Your lightning spire disappears in a puff of smoke!
Your dick barely misses the orc knight.
The soul eater draws from the surrounding life force!
You die...

##....).##*....#....#....)
#.)......#**........#))...
##§....†..#####.......$...#
#.))Ro##.##..##............
##...o.##.)............$...
#..)o3#.....).)...........
#).).o.......#############
##............# ******
#...$..o..@...# *{{,{*
#..)....§o)...# *,,,,*
#.......)o....# *,,,,*****
#...)..)..o...# *,,,,,,,,,
##............# *,,,,,,,,,
##...#...oo...# ***,,,****
#.†)..#.......# *,,,*
#....)........#*****,,,****
##8..)))......#,,,,,,,,,,,,


You could see the friendly Your dick the knight, an orc warlord (strong), an orc
knight (strong, poisoned, ally target), a soul eater (summoned), 3 orc
sorcerers, an orc warrior (strong), 2 orc wizards and an orc (strong).

Vanquished Creatures
  An orc warlord (Orc:2)
  A merfolk avatar (Lair:6)
  3 death yaks (Lair:6)
  A manticore (Lair:6)
  4 elephants
  A merfolk siren (Lair:4)
  2 torpor snails
  A centaur zombie (D:6)
  3 cane toads
  A komodo dragon (Lair:2)
  3 blink frogs
  A hornet (Lair:6)
  A dream sheep (Lair:4)
  16 yaks
  2 wargs (Orc:2)
  2 water moccasins
  11 orc warriors
  A wolf (Lair:1)
  2 ogres
  2 centaurs
  5 bullfrogs
  A wight (D:9)
  A howler monkey (D:8)
  A lava snake (Volcano)
  4 jellies
  2 centaur skeletons
  3 hounds
  7 orc priests
  A bullfrog skeleton (D:6)
  An iguana (D:5)
  A gnoll shaman (Bailey)
  Natasha (D:4)
  9 orc wizards
  A knight (D:8)
  3 gnolls
  6 adders
  An adder skeleton (D:4)
  3 dart slugs
  36 orcs
  6 ball pythons
  7 endoplasms
  3 giant cockroaches
  3 hobgoblins
  2 jackals (D:2)
  2 quokkas
  3 bats
  8 goblins
  4 kobolds
  A rat (D:3)
185 creatures vanquished.

Vanquished Creatures (collateral kills)
  The ghost of Ithra the Warrior, a journeyman OgTm of Makhleb (Lair:4)
  5 hydras
  An ogre mage (Volcano)
  8 death yaks
  2 centaur warriors
  6 two-headed ogres
  An orc high priest (Orc:2)
  3 sea snakes (Lair:6)
  2 harpies (Lair:6)
  2 orc knights (Orc:2)
  An orc sorcerer (Orc:1)
  An oklob plant (Lair:1)
  2 manticores
  14 elephants
  2 merfolk sirens (Lair:4)
  5 black mambas
  2 molten gargoyles (Volcano)
  9 cane toads
  A torpor snail (Lair:5)
  10 komodo dragons
  An unseen horror (D:11)
  Maggie (D:10)
  2 rime drakes
  2 trolls
  3 polar bears (Lair:6)
  2 hornets
  15 blink frogs
  5 dream sheep (Lair:4)
  49 yaks
  A wraith (D:11)
  7 wyverns
  2 fire bats (Volcano)
  3 basilisks
  2 steam dragons
  Grum (D:9)
  2 vampire mosquitoes (D:8)
  4 wargs (Orc:2)
  2 nagas (Lair:2)
  11 water moccasins
  An acid dragon (D:11)
  An ice beast (D:7)
  A hornet zombie (D:7)
  2 sky beasts
  A black bear (D:6)
  16 orc warriors
  6 wolves
  5 ogres
  3 centaurs
  A phantom (D:6)
  2 kobold brigands
  9 bullfrogs
  13 gnoll sergeants
  A scorpion (D:6)
  A water moccasin skeleton (D:4)
  7 wights
  4 howler monkeys
  5 lava snakes (Volcano)
  A bullfrog zombie (D:5)
  5 gnoll shamans (Bailey)
  2 hounds (Bailey)
  2 jellies (Lair:5)
  9 orc priests
  2 centaur skeletons (D:7)
  Natasha (twice) (D:4)
  14 orc wizards
  2 howler monkey zombies
  21 gnolls
  A howler monkey skeleton (D:5)
  2 adders
  2 white imps
  58 orcs
  4 endoplasms
  2 goblins (D:11)
  2 hobgoblins (D:11)
  3 kobolds (D:9)
  A quokka (D:1)
  4 bushes (Lair:1)
411 creatures vanquished.

Vanquished Creatures (others)
  A red draconian (Volcano)
  Harold (D:9)
  A hydra (Lair:2)
  The ghost of Yajnam the Carver, a journeyman MiFi of Trog (D:10)
  A boulder beetle (D:11)
  3 elephants
  A black mamba (Lair:4)
  A cane toad (Lair:4)
  A troll (D:10)
  2 blink frogs
  6 yaks
  A vampire mosquito (D:8)
  A warg (Orc:2)
  A water moccasin (Lair:2)
  An orc warrior (D:10)
  A bullfrog (Lair:2)
  11 knights
  A howler monkey zombie (D:8)
  A kobold (D:9)
  3 bushes (Lair:1)
  27 fungi
  68 plants
135 creatures vanquished.

Grand Total: 731 creatures vanquished

Notes
Turn   | Place    | Note
-------+----------+-------------------------------------------
     0 | D:1      | siradein the Draconian Summoner began the quest for the
                  | Orb.
     0 | D:1      | Reached XP level 1. HP: 14/14 MP: 3/3
   351 | D:1      | Reached XP level 2. HP: 20/20 MP: 3/5
   659 | D:1      | Found a faded altar of an unknown god.
  1238 | D:2      | Reached XP level 3. HP: 24/26 MP: 7/7
  1500 | D:2      | Learned a level 2 spell: Call Imp
  1504 | D:2      | Learned a level 3 spell: Call Canine Familiar
  1886 | D:2      | Reached XP level 4. HP: 30/33 MP: 5/8
  2254 | D:3      | Found a glowing golden altar of the Shining One.
  2594 | D:3      | Reached skill level 5 in Summonings
  2856 | D:3      | Found an opulent altar of Gozag.
  2884 | D:3      | Found a sacrificial altar of Ru.
  3017 | D:3      | Found a snail-covered altar of Cheibriados.
  3238 | D:3      | Found a shadowy altar of Dithmenos.
  3335 | D:3      | HP: 1/33 [orc priest/divine providence (16)]
  3346 | D:3      | Reached XP level 5. HP: 3/38 MP: 7/10
  4099 | D:4      | Learned a level 3 spell: Summon Guardian Golem
  4271 | D:4      | Found a shimmering altar of Xom.
  4321 | D:4      | Reached XP level 6. HP: 40/45 MP: 9/12
  4452 | D:4      | Found a staircase to the Ecumenical Temple.
  4463 | Temple   | Entered the Ecumenical Temple
  4523 | Temple   | Became a worshipper of Hepliaklqana the Forgotten
  4642 | D:4      | Noticed Natasha
  4649 | D:4      | Killed Natasha
  4704 | D:4      | Noticed Natasha
  4833 | D:4      | Killed Natasha
  5127 | D:4      | Noticed Natasha
  5132 | D:4      | Killed Natasha
  5133 | D:4      | Reached skill level 1 in Invocations
  5274 | D:5      | Entered Level 5 of the Dungeon
  5445 | D:5      | Found an ancient bone altar of Kikubaaqudgha.
  5549 | D:5      | Your scales start taking on a lurid green colour.
  5549 | D:5      | Reached XP level 7. HP: 50/50 MP: 14/14
  5549 | D:5      | Gained mutation: Your system is resistant to poisons.
                  | (rPois) [Green Draconian growth]
  5599 | D:5      | Reached skill level 5 in Spellcasting
  6164 | D:5      | Reached * piety under Hepliaklqana
  6215 | D:5      | Found Itiess's Distillery.
  6229 | D:5      | Bought a potion of curing for 30 gold pieces
  6229 | D:5      | Bought a potion of lignification for 30 gold pieces
  6229 | D:5      | Bought a potion of flight for 30 gold pieces
  6229 | D:5      | Bought a potion of heal wounds for 50 gold pieces
  6376 | D:5      | Learned a level 4 spell: Summon Lightning Spire
  6658 | D:6      | Found a glowing silver altar of Zin.
  6979 | D:6      | Reached skill level 1 in Fighting
  6979 | D:6      | Reached skill level 1 in Hexes
  6979 | D:6      | Reached skill level 1 in Air Magic
  6979 | D:6      | Reached skill level 1 in Evocations
  6979 | D:6      | Reached XP level 8. HP: 43/53 MP: 13/16
  7040 | D:6      | Found a stormy altar of Qazlal.
  7183 | D:6      | Noticed an air elemental
  7930 | D:6      | Reached ** piety under Hepliaklqana
  7931 | D:6      | Remembered your ancestor Your dick as a knight
  8771 | D:7      | Reached XP level 9. HP: 61/61 MP: 14/17
  9244 | D:8      | Found a bloodstained altar of Trog.
  9321 | D:8      | Reached skill level 5 in Invocations
  9363 | D:8      | Noticed a +0 spear
  9364 | D:8      | Noticed a +0 falchion
  9364 | D:8      | Noticed a +0 falchion
  9364 | D:8      | Noticed a +0 spear
  9365 | D:8      | Noticed a +0 short sword
  9366 | D:8      | Noticed a +0 dagger
  9367 | D:8      | Noticed a +0 short sword
  9368 | D:8      | Noticed a +0 dagger
  9472 | D:8      | Found a hide-covered altar of Uskayaw.
  9501 | D:8      | Identified the +2 rapier "Tithu" {vorpal, rF+ rN+}
  9561 | D:8      | Reached skill level 1 in Polearms
  9580 | D:8      | Found an iron altar of Okawaru.
  9619 | D:8      | Found a white marble altar of Elyvilon.
  9626 | D:8      | Noticed a manticore
  9650 | D:8      | Killed a manticore
  9780 | D:8      | Noticed a two-headed ogre
  9813 | D:8      | Killed a two-headed ogre
  9913 | D:8      | Found Xitiu's Antique Armour Boutique.
 10165 | D:8      | Reached XP level 10. HP: 67/70 MP: 6/19
 10538 | D:9      | Reached *** piety under Hepliaklqana
 10627 | D:9      | Noticed Grum
 10634 | D:9      | Killed Grum
 10872 | D:9      | Noticed Harold
 10890 | D:9      | Killed Harold
 10891 | D:9      | Reached skill level 5 in Fighting
 10891 | D:9      | Reached skill level 1 in Shields
 11395 | D:10     | Entered Level 10 of the Dungeon
 11430 | D:10     | Found a staircase to the Lair.
 11501 | D:10     | Noticed a centaur warrior
 11509 | D:10     | Killed a centaur warrior
 11510 | D:10     | Reached skill level 5 in Dodging
 11510 | D:10     | Reached XP level 11. HP: 57/79 MP: 11/21
 11701 | D:10     | Found a large runed translucent door.
 11701 | D:10     | Found a large runed translucent door.
 11703 | D:10     | Noticed Yajnam's ghost (journeyman MiFi)
 11797 | D:10     | Found the ring of the Mage {Wiz Will++ Int+3}
 11871 | D:10     | Noticed Maggie
 11895 | D:10     | Killed Maggie
 11904 | D:10     | Reached skill level 5 in Air Magic
 12067 | D:10     | Found a staircase to the Orcish Mines.
 12211 | D:10     | Reached skill level 5 in Evocations
 12265 | D:10     | Found a shimmering blue altar of Sif Muna.
 12265 | D:10     | Found an ornate altar of the Wu Jian Council.
 12360 | D:11     | Found a flagged portal.
 12425 | Bailey   | Entered a bailey
 12688 | Bailey   | Identified the +5 hand axe of Bodily Harmony {vorpal, Will+
                  | Dex+2}
 13244 | D:11     | Noticed a centaur warrior
 13255 | D:11     | Killed a centaur warrior
 13256 | D:11     | Reached skill level 1 in Necromancy
 13674 | D:11     | Noticed a boulder beetle
 13723 | D:11     | Killed a boulder beetle
 13967 | D:11     | Reached **** piety under Hepliaklqana
 13968 | D:11     | Noticed a two-headed ogre
 13977 | D:11     | Killed a two-headed ogre
 14429 | D:10     | Killed Yajnam's ghost
 14430 | D:10     | Reached skill level 5 in Hexes
 14629 | Lair:1   | Entered Level 1 of the Lair of Beasts
 15089 | Lair:1   | Reached XP level 12. HP: 57/86 MP: 16/23
 15466 | Lair:1   | Reached skill level 5 in Polearms
 16301 | Lair:2   | Reached skill level 1 in Poison Magic
 16581 | Lair:2   | Learned a level 4 spell: Olgreb's Toxic Radiance
 17163 | Lair:2   | Found a staircase to the Snake Pit.
 17356 | Lair:2   | Noticed an eight-headed hydra
 17369 | Lair:2   | Killed an eight-headed hydra
 17764 | Lair:3   | Reached XP level 13. HP: 89/94 MP: 17/25
 17897 | Lair:3   | Reached ***** piety under Hepliaklqana
 18034 | Lair:3   | Found a dark tunnel.
 18039 | Volcano  | Entered a volcano
 18786 | Volcano  | Found a bloodstained altar of Trog.
 19253 | Volcano  | Noticed a red draconian
 19283 | Volcano  | Killed a red draconian
 20993 | Lair:4   | Reached skill level 10 in Summonings
 21708 | Lair:4   | Reached skill level 5 in Poison Magic
 22168 | Lair:4   | Reached skill level 5 in Necromancy
 22484 | Lair:4   | Found a large runed translucent door.
 22484 | Lair:4   | Found a large runed translucent door.
 22548 | Lair:4   | Found a staircase to the Shoals.
 22703 | Lair:4   | Noticed Ithra's ghost (journeyman OgTm)
 22752 | Lair:4   | Killed Ithra's ghost
 22753 | Lair:4   | Gained mutation: Your tail ends in a poisonous barb. [Green
                  | Draconian growth]
 22753 | Lair:4   | Reached XP level 14. HP: 103/103 MP: 13/26
 22761 | Lair:4   | Learned a level 7 spell: Spellforged Servitor
 23214 | Lair:5   | Found a staircase to the Slime Pits.
 23223 | Lair:5   | Reached skill level 1 in Conjurations
 23829 | Lair:6   | Entered Level 6 of the Lair of Beasts
 24190 | Lair:6   | Identified a scroll of acquirement
 24210 | Lair:6   | Upgraded the game from 0.28-a0-662-g1651b1f1e0 to
                  | 0.28-a0-664-gc179e30c89
 25461 | Lair:6   | Identified the +10 trident "Dawoaq" {elec, rF+ Str+4}
 25663 | D:8      | Bought the +2 hood of the Assassin {Detection Stab+
                  | Stlth++} for 1440 gold pieces
 25663 | D:8      | Found the +2 hood of the Assassin {Detection Stab+ Stlth++}
 26151 | Orc:1    | Entered Level 1 of the Orcish Mines
 26670 | Orc:2    | Entered Level 2 of the Orcish Mines
 26748 | Orc:2    | Found a staircase to the Elven Halls.
 26775 | Orc:2    | Reached XP level 15. HP: 98/110 MP: 24/28
 26810 | Orc:2    | Noticed an orc warlord
 26840 | Orc:2    | Reached skill level 10 in Invocations
 26843 | Orc:2    | Killed an orc warlord
 26890 | Orc:2    | Noticed an orc warlord
 26901 | Orc:2    | Killed from afar by a soul eater

Illustrated notes

Levels and vault maps discovered:
D:1:      lightli_arrival_statuegarden, layout_basic,
          shapermc_ecumenical_altar_venn, wad_floor_pattern_untrapped,
          hangedman_abyss_or_decor_stabs, minmay_distorted
D:2:      layout_basic, st_stairs_5
D:3:      layout_basic, mainiacjoe_overflow_small_starburst,
          mainiacjoe_overflow_six_doors_small, grunt_gozag_breadcrumbs,
          nicolae_overflow_crystal_walls, nicolae_ru_awakened_eye,
          minmay_misc_feat_cross
D:4:      layout_cave_pools, mainiacjoe_overflow_boulevard,
          minmay_temple_entry_statues_fountains, uniq_natasha
D:5:      layout_gridville, mainiacjoe_overflow_alcove_2, serial_shops, shop
D:6:      layout_loops_corners, overflow_temple_1_default,
          nicolae_qazlal_style_of_elements, grunt_ministairs_3,
          minmay_misc_feat_diagonals
D:7:      layout_loops_ring, feat_on_display
D:8:      layout_rooms, kennysheep_mini_moat, nicolae_uskayaw_en_pointe,
          mainiacjoe_overflow_brackets, mainiacjoe_overflow_tiny_flanked,
          serial_shops, shop, grunt_ministairs_10, amethyst_killhole
D:9:      layout_stronghold, grunt_ministairs_7, uniq_harold, uniq_grum
D:10:     layout_gridville, gammafunk_temple_overflow_elements,
          dpeg_oklobed_lair, kennysheep_orc_monster_closet_entryway,
          ebering_ghost_disaster_area, uniq_maggie
D:11:     layout_loops_corners, enter_bailey_4
Temple:   corrupted_temple
Lair:1:   layout_regular_city, minmay_hedge_maze, minmay_lair_oklob_items,
          st_stairs_8, grunt_megastairs_2, infiniplex_staircase_pool_2
Lair:2:   layout_cave_shapes, guppyfry_snake_entry_garden, grunt_megastairs_4,
          serial_bayou_shore_a
Lair:3:   layout_cave_pods, enter_volcano_4, grunt_megastairs_1
Lair:4:   layout_regular_city, elwin_shoals_entry_rooms,
          ebering_ghost_disaster_area, minivault_25, beast_lair_carwin_10
Lair:5:   layout_misc_corridors, nicolae_slime_entry_slimehenge
Lair:6:   gammafunk_lair_ancient_temple, layout_gridlike,
          grunt_forest_small_clearings
Orc:1:    layout_caves
Orc:2:    st_orc_congregation, layout_caves, gauntlet_entry_generic

Skill      XL: |  1  2  3  4  5  6  7  8  9 10 11 12 13 14 15 |
---------------+----------------------------------------------+-----
Spellcasting   | 3 4 5 6 7 8 9 |  9.3
Summonings     | 5 6 7 8 9 10 | 10.8
Invocations    | 2 3 4 5 6 7 8 9 10 | 10.0
Dodging        | 2 3 4 5 6 7 |  7.9
Fighting       | 1 2 4 5 6 7 8 9 |  9.0
Hexes          | 1 2 3 4 5 6 7 |  7.6
Air Magic      | 1 2 3 4 5 6 7 |  7.1
Evocations     | 1 2 3 4 5 6 7 8 |  8.2
Polearms       | 2 3 4 5 6 7 |  7.7
Shields        | 1 3 4 |  4.0
Necromancy     | 2 3 5 6 |  6.1
Poison Magic   | 3 5 6 |  6.8
Conjurations   | 3 |  3.2
Stealth        | |  1.7

Action                   |  1- 3 |  4- 6 |  7- 9 | 10-12 | 13-15 || total
-------------------------+-------+-------+-------+-------+-------++-------
Melee: Unarmed           |    15 |       |       |       |       ||    15
       Trident           |     9 |       |    99 |   371 |   228 ||   707
       Eveningstar       |    73 |   109 |    98 |       |       ||   280
       Tailslap          |     3 |     8 |    15 |    28 |    38 ||    92
       Staff             |       |       |       |       |    54 ||    54
 Cast: Summon Small Mamm |     6 |       |       |       |       ||     6
       Call Imp          |     1 |     9 |     1 |       |     1 ||    12
       Call Canine Famil |       |     9 |    24 |    43 |    34 ||   110
       Summon Guardian G |       |       |    10 |    23 |    21 ||    54
       Summon Lightning  |       |       |     4 |    47 |    77 ||   128
       Olgreb's Toxic Ra |       |       |       |       |    24 ||    24
Invok: Recall Ancestor   |       |       |     1 |     1 |       ||     2
       Ancestor Identity |       |       |     1 |       |     1 ||     2
       Ancestor Life: Kn |       |       |     1 |       |       ||     1
       Transference      |       |       |       |     3 |     2 ||     5
       Idealise          |       |       |       |     1 |     1 ||     2
 Abil: Breathe Noxious F |       |       |    13 |    13 |    12 ||    38
Evoke: Box of beasts     |       |       |       |       |     1 ||     1
       Phial of floods   |       |       |       |       |     1 ||     1
  Use: Scroll            |       |     1 |       |    14 |     3 ||    18
       Potion            |       |       |       |       |     3 ||     3
 Stab: Sleeping          |     1 |     3 |     2 |     2 |       ||     8
       Distracted        |       |       |     1 |     2 |    12 ||    15
       Confused          |       |       |     5 |     5 |     1 ||    11
Armor: Skin              |    59 |    46 |    81 |    88 |    67 ||   341
Dodge: Dodged            |    83 |    77 |   121 |   124 |   139 ||   544
Block: Other             |       |       |    12 |       |       ||    12
       Buckler           |       |       |    18 |   173 |   190 ||   381
       Reflection        |       |       |       |    13 |       ||    13

Table legend: (Time is in decaauts)
 A = Elapsed time spent in this place.
 B = Non-inter-level travel time spent in this place.
 C = Inter-level travel time spent in this place.
 D = Time resting spent in this place.
 E = Time spent auto-exploring this place.
 F = Levels seen in this place.
 G = Mean time per level.
                   A        B        C        D        E       F      G
               +--------+--------+--------+--------+--------+-----+--------+
         Total |  27287 |  25900 |   1387 |   1248 |  19132 |  22 | 1240.3 |
       Dungeon |  14483 |  13785 |    698 |    445 |  10901 |  11 | 1316.6 |
        Temple |     77 |     77 |      0 |      0 |     41 |   1 |   77.0 |
          Lair |   9539 |   8852 |    687 |    200 |   6700 |   6 | 1589.8 |
  Orcish Mines |    742 |    742 |      0 |      0 |    421 |   2 |  371.0 |
        Bailey |    630 |    630 |      0 |      0 |    353 |   1 |  630.0 |
       Volcano |   1814 |   1814 |      0 |    603 |    716 |   1 | 1814.0 |
               +--------+--------+--------+--------+--------+-----+--------+

Top non-repeatable levels by time:
  Lair:6: 1925 daAuts
 Volcano: 1814 daAuts
  Lair:1: 1762 daAuts
     D:6: 1735 daAuts
  Lair:3: 1716 daAuts
     D:3: 1622 daAuts
  Lair:2: 1539 daAuts
  Lair:4: 1509 daAuts
    D:10: 1416 daAuts
     D:5: 1392 daAuts
    D:11: 1349 daAuts
     D:8: 1274 daAuts
     D:1: 1245 daAuts
     D:2: 1239 daAuts
     D:4: 1193 daAuts
